 Dungeon Crawl Stone Soup version 0.20.1-1-g8b1a95d (webtiles) character file.

125 bobthegiant the Ruffian (level 4, -6/36 HPs)
             Began as a Draconian Warper on Dec 7, 2017.
             Shot with an arrow by a centaur (9 damage)
             ... on level 5 of the Dungeon.
             The game lasted 00:11:31 (3274 turns).

bobthegiant the Ruffian (Draconian Warper)          Turns: 3274, Time: 00:11:32

Health: -6/36      AC:  5    Str: 14    XL:     4   Next: 82%
Magic:  2/7        EV: 12    Int: 14    God:
Gold:   159        SH:  0    Dex: 10    Spells: 3/7 levels left

rFire    . . .     SeeInvis .     - Unarmed
rCold    . . .     Gourm    .   (no shield)
rNeg     . . .     Faith    .   (armour unavailable)
rPois    .         Spirit   .   (helmet restricted)
rElec    .         Reflect  .   (no cloak)
rCorr    .         Harm     .   (no gloves)
MR       .....                  (no boots)
Stlth    +.........             (no amulet)
Regen    0.2/turn               (no ring)
MPRegen  0.1/turn               (no ring)

@: no status effects
A: unfitting armour, cold-blooded, AC +5
a: no special abilities


You were on level 5 of the Dungeon.
You were not hungry.

You visited 1 branch of the dungeon, and saw 5 of its levels.

You collected 159 gold pieces.

Inventory:

Missiles
 c - 5 tomahawks of dispersal (quivered)
 e - 89 stones
 l - 7 tomahawks of returning
Armour
 v - a +1 buckler
Jewellery
 p - an uncursed ring of protection from fire {unknown}
 s - a +3 ring of slaying {unknown}
Scrolls
 b - a scroll of blinking
 j - 2 scrolls of teleportation
 k - a scroll of identify
 n - a scroll of immolation
 t - a scroll of recharging
Potions
 g - 2 potions of heal wounds
 h - a potion of degeneration {unknown}
 i - a potion of might
 q - a potion of flight
 u - a potion of curing
Books
 a - a book of Spatial Translocations

   Spells                             Type                      Level
   a - Blink                          Translocation                2
   b - Shroud of Golubria             Charms/Translocation         2
   c - Lesser Beckoning               Translocation                3
   d - Gell's Gravitas                Translocation                3
   e - Teleport Other                 Translocation                3
   f - Passage of Golubria            Translocation                4
Comestibles
 d - 6 bread rations
 f - 3 meat rations


   Skills:
 - Level 2.1 Fighting
 - Level 0.8 Throwing
 - Level 2.1 Dodging
 + Level 5.1 Unarmed Combat
 - Level 2.0 Spellcasting
 - Level 3.0 Translocations


You had 3 spell levels left.
You knew the following spells:

 Your Spells              Type           Power        Failure   Level  Hunger
a - Blink                 Tloc           N/A          11%         2    ###....
b - Shroud of Golubria    Chrm/Tloc      #.........   19%         2    ###....


Dungeon Overview and Level Annotations

Branches:
Dungeon (5/15)
 Temple: D:4-7

Altars:
Okawaru


Innate Abilities, Weirdness & Mutations

Your plain brown scales are hard. (AC +5)
You cannot fit into any form of body armour.
You are cold-blooded and may be slowed by cold attacks.


Message History

You feel much better.
The centaur wields a shortbow.
The centaur shoots an arrow.
The arrow hits you! The orc completely misses you.
The centaur shoots an arrow.
The arrow hits you!
* * * LOW HITPOINT WARNING * * *
Found an iron altar of Okawaru.
A frilled lizard comes into view.
You see here an arrow.
The centaur shoots an arrow.
The arrow closely misses you.
Casting: Blink
Confirm with . or Enter, or press ? or * to list all spells.
You don't have enough magic to cast that spell.
The centaur shoots an arrow.
The arrow hits you.
* * * LOW HITPOINT WARNING * * *
Found a metallic inky potion.
You see here an arrow.
Found a scroll labeled GEMYTO CUZEACW.
The sky beast flickers out of sight!
You see here a bread ration.
The centaur shoots an arrow.
The arrow hits you!
You die...

......#...........
....#.#.c........
#.#._.#.<.......
#..#.#.(........ .
#...#........... ...
#....((.........
....##.......###.....
........%o...#. .....
...!...@..)..........
......#........#..###
....# #......##.. ...
#........... ..
.......#...#
##.....?#.# #.#####..
#.. .#


You could see a centaur and an orc.

Vanquished Creatures
  A worker ant (D:4)
  3 adders
  An adder skeleton (D:3)
  3 worms (D:2)
  2 dart slugs (D:1)
  2 leopard geckos (D:1)
  5 giant cockroaches
  3 hobgoblins (D:1)
  3 quokkas
  8 bats
  7 frilled lizards
  9 goblins
  2 kobolds
  9 rats
58 creatures vanquished.

Notes
Turn   | Place    | Note
-------+----------+-------------------------------------------
     0 | D:1      | bobthegiant the Draconian Warper began the quest for the Orb.
     0 | D:1      | Reached XP level 1. HP: 17/17 MP: 3/3
   133 | D:1      | Reached XP level 2. HP: 7/24 MP: 5/5
   243 | D:1      | Learned a level 2 spell: Blink
   246 | D:1      | Learned a level 2 spell: Shroud of Golubria
   519 | D:1      | Reached skill level 3 in Unarmed Combat
  1126 | D:1      | Reached XP level 3. HP: 29/29 MP: 6/6
  1364 | D:2      | Found an iron altar of Okawaru.
  1659 | D:2      | Reached skill level 4 in Unarmed Combat
  1744 | D:2      | Found a faded altar of an unknown god.
  1998 | D:2      | Reached XP level 4. HP: 28/36 MP: 7/7
  3038 | D:4      | Reached skill level 5 in Unarmed Combat
  3039 | D:4      | Noticed an ogre
  3267 | D:5      | Entered Level 5 of the Dungeon
  3267 | D:5      | Noticed a centaur
  3267 | D:5      | Noticed a sky beast
  3269 | D:5      | Found an iron altar of Okawaru.
  3274 | D:5      | Shot with an arrow by a centaur

Skill      XL: |  1  2  3  4 |
---------------+-------------+-----
Unarmed Combat | 3 4 5 |  5.1
Fighting       | |  2.1
Throwing       | |  0.8
Dodging        | |  2.1
Spellcasting   | |  2.0
Translocations | |  3.0

Action                   |  1- 3 |  4- 6 || total
-------------------------+-------+-------++-------
Melee: Unarmed           |   159 |    54 ||   213
       Tailslap          |    20 |     4 ||    24
 Cast: Blink             |       |     4 ||     4
  Use: Scroll            |     2 |    11 ||    13
       Potion            |       |     1 ||     1
 Stab: Sleeping          |     1 |     1 ||     2
  Eat: Chunk             |     3 |     2 ||     5
       Bread ration      |       |     1 ||     1
Armor: Skin              |    45 |    15 ||    60
Dodge: Dodged            |   100 |    34 ||   134
